Unix NetHack Version 5.0.0-0 post-release - last build Jun 10 2026 00:39:30 (3ee93aec679c4c4259841fe613dc97188e26a321,branch:main).

Game began 2026-06-13 00:33:24, ended 2026-06-13 00:55:46.

ARFwashere, chaotic male human Priest

              ------
              |.(...#
             #.....|#                               ------.-------
             #------#                               |............|
             #      ##                           ##@@.e...d......|
             #       #                          ##  |............|
             #       ###                        #   |...x........|
             ##############  #                  #   -----------.--
             #         #--|--.-                 #              #
             #         #|......##               #
             #          |.....| #             ###
             ##         |.....| ####  ------  #
       #      #         |..<..|    ###|....| ##
      #       #         -------      #|....| #
    --+-------#                      #|....| #
    |.)......|#                      #.....| #
    |.>.......#                       |.....##
    |........|                        ------
    ----------

ARFwashere the Acolyte       St:11 Dx:14 Co:12 In:12 Wi:18 Ch:8  Chaotic
Dlvl:4  $:700 HP:0(29) Pw:27(27) AC:5  Xp:3 T:1830 

Latest messages:
 The werejackal bites!
 The kitten misses the werejackal.
 You hit the werejackal.
 The werejackal misses!
 The kitten bites the werejackal.
 The werejackal misses the kitten.
 You miss the werejackal.
 The werejackal misses!
 The kitten misses the werejackal.
 The kitten bites the werejackal.
 The werejackal misses the kitten.
 You miss the werejackal.
 The werejackal summons help!
 A jackal suddenly appears next to you!
 The werejackal bites!
 The kitten bites the werejackal.
 The werejackal is killed!
 You kill the jackal!
 The kitten misses the fox.
 The fox bites!
 You miss the jackal.
 The jackal misses!
 The fox misses!
 The kitten bites the fox.
 The fox is killed!
 You kill the jackal!
 You see here a jackal corpse.
 There is a jackal corpse here; eat it? [ynq] (n) y
 This jackal corpse is stringy.
 You finish eating the jackal corpse.
 You hear a jackal howling at the moon.
 You swap places with your kitten.
 You hear some noises.
 You hear a jackal howling at the moon.
 You hear a jackal howling at the moon.
 You kill the goblin!
 You hear some noises in the distance.
 Pick a monster, object or location.
 d        a dog or other canine (werejackal)
 The werejackal hits!
 It bites the werejackal.
 The werejackal hits it.
 You miss the werejackal.
 The werejackal hits!
 You die...
 Do you want your possessions identified? [ynq] (y) y
 Do you want to see your attributes? [ynq] (y) y
 Do you want an account of creatures vanquished? [ynaq] (y) n
 Do you want to see your conduct and achievements? [ynq] (y) y
 Do you want to see the dungeon overview? [ynq] (y) n

Inventory:
 Coins    ('$')
  $ - 700 gold pieces
 Amulets  ('"')
  C - an amulet of reflection
 Weapons  (')')
  a - a blessed +1 mace (weapon in right hand)
 Armor    ('[')
  c - a +0 small shield (being worn)
  b - a +0 robe (being worn)
  l - a +0 Hawaiian shirt with a palm tree motif (being worn)
  m - a blessed +0 leather armor (being worn)
 Comestibles  ('%')
  e - a clove of garlic
  p - 5 food rations
  r - a fortune cookie
  k - a lembas wafer
  D - 2 pancakes
  f - a sprig of wolfsbane
 Scrolls  ('?')
  o - a scroll of charging
  B - a scroll of confuse monster
  y - a scroll of create monster
  t - a scroll of enchant armor
 Spellbooks  ('+')
  g - a spellbook of detect monsters
  h - a spellbook of light
 Potions  ('!')
  d - 4 potions of holy water
  q - a potion of unholy water
 Wands    ('/')
  x - a wand of opening (0:3)
  i - a wand of undead turning (0:7)
 Gems/Stones  ('*')
  j - a worthless piece of orange glass

ARFwashere the Priest's attributes:

Background:
 You were an Acolyte, a level 3 human Priest.
 You were chaotic, on a mission for Mars
 who was opposed by Mercury (lawful) and Venus (neutral).
 You were right-handed.
 You were in the Dungeons of Doom, on level 4.
 You entered the dungeon 1830 turns ago.
 It was the midnight hour.
 You had 78 experience points, 2 more were needed to attain level 4.

Basics:
 You had 0 out of 29 hit points.
 You had all 27 energy points (spell power).
 Your armor class was 5.
 Your wallet contained 700 zorkmids.
 Autopickup was on for '$' plus thrown.

Final Characteristics:
 Your strength was 11 (limit:18/100).
 Your dexterity was 14 (limit:18).
 Your constitution was 12 (limit:18).
 Your intelligence was 12 (limit:18).
 Your wisdom was 18 (limit:18).
 Your charisma was 8 (limit:18).

Final Status:
 You weren't hungry.
 You were unencumbered.
 You were wielding a mace.
 You had basic skill with mace.

Final Attributes:
 You were devoutly aligned.
 You were guarded.
 Your spell casting was enhanced by wearing a robe.
 You are dead.

Miscellaneous:
 You didn't encounter any bones levels.
 Total elapsed playing time was 22 minutes and 12 seconds.

Major events:
 Turn
    1: ARFwashere the chaotic human Priest entered the dungeon
  935: attained the rank of Acolyte (level 3)
 1830: killed by a werejackal

Spells:
 Name                 Level Category     Fail Retention
 detect monsters        1   divination     0%  76%-100%
 light                  1   clerical       0%  91%-100%

Skills:
 Fighting Skills
   bare handed combat [Unskilled]
 Weapon Skills
   club               [Unskilled]
   mace               [Basic]
   morning star       [Unskilled]
   flail              [Unskilled]
   hammer             [Unskilled]
   quarterstaff       [Unskilled]
   polearms           [Unskilled]
   spear              [Unskilled]
   trident            [Unskilled]
   lance              [Unskilled]
   bow                [Unskilled]
   sling              [Unskilled]
   crossbow           [Unskilled]
   dart               [Unskilled]
   shuriken           [Unskilled]
   boomerang          [Unskilled]
   unicorn horn       [Unskilled]
 Spellcasting Skills
   healing spells     [Unskilled]
   divination spells  [Unskilled]
   clerical spells    [Basic]

Voluntary challenges:
 Character rerolling was not enabled.
 You never genocided any monsters.
 You never polymorphed an object.
 You never changed form.
 You used no wishes.
Achievements:
 You entered a shop.
 You attained the rank of Acolyte.

 The Dungeons of Doom: levels 1 to 4
    Level 1:
       A fountain, a sink.
    Level 2:
       An armor shop.
    Level 3:
       A general store.
    Level 4: <- You were here.
       Final resting place for
          you, killed by a werejackal.


Vanquished creatures:
  a shrieker
  a kitten
  a werejackal
  2 iguanas
 an acid blob
  3 coyotes
  a large kobold
  2 giant rats
  a yellow mold
  4 garter snakes
  a gnome zombie
  2 geckos
  4 jackals
  a fox
  2 kobolds
  a goblin
  a sewer rat
  2 grid bugs
  4 lichens
  2 kobold zombies
  5 newts
42 creatures vanquished.

No species were genocided or became extinct.

Game over:
                       ----------
                      /          \
                     /    REST    \
                    /      IN      \
                   /     PEACE      \
                  /                  \
                  |    ARFwashere    |
                  |      700 Au      |
                  |   killed by a    |
                  |    werejackal    |
                  |                  |
                  |                  |
                  |       2026       |
                 *|     *  *  *      | *
        _________)/\\_//(\/(/\)/\//\/|_)_______

Goodbye ARFwashere the Priest...

You died in The Dungeons of Doom on dungeon level 4 with 1092 points,
and 700 pieces of gold, after 1830 moves.
You were level 3 with a maximum of 29 hit points when you died.

